 Dungeon Crawl Stone Soup version 0.24-a0-778-g74da537585 (webtiles) character file.

Game seed: 6936360618023581706, levelgen mode: deterministic

182 Arixos the Magician (level 5, -1/28 HPs)
             Began as a Deep Elf Wizard on Oct 6, 2019.
             Slain by a worker ant (6 damage)
             ... on level 5 of the Dungeon on Oct 7, 2019.
             The game lasted 00:23:30 (3885 turns).

Arixos the Magician (Deep Elf Wizard)               Turns: 3885, Time: 00:23:31

Health: -1/28      AC:  3    Str:  4    XL:     5   Next: 35%
Magic:  0/14       EV: 13    Int: 24    God:
Gold:   137        SH:  4    Dex: 13    Spells: 3/14 levels left

rFire    . . .     SeeInvis .   (no weapon)
rCold    . . .     Gourm    .   h - +0 buckler
rNeg     . . .     Faith    .   a - +0 robe
rPois    .         Spirit   .   c - +0 helmet
rElec    .         Reflect  .   (no cloak)
rCorr    .         Harm     .   (no gloves)
MR       .....                  (no boots)
Stlth    ++........             (no amulet)
HPRegen  0.09/turn              (no ring)
MPRegen  0.14/turn              (no ring)

@: lethally poisoned (-1 -> -10), flying
A: no striking features
a: no special abilities


You were on level 5 of the Dungeon.
You were very hungry.

You visited 1 branch of the dungeon, and saw 5 of its levels.
You also visited: Sewer.

You collected 137 gold pieces.

Inventory:

Armour
 a - a +0 robe (worn)
 c - a +0 helmet (worn)
 h - a +0 buckler (worn)
Scrolls
 b - 2 scrolls of enchant armour {unknown}
 g - 2 scrolls of magic mapping
 i - 2 scrolls of fear
 k - a scroll of enchant weapon {unknown}
 l - a scroll of teleportation {unknown}
 m - 4 scrolls of identify
Potions
 e - 2 potions of magic {unknown}
 j - 2 potions of curing {unknown}
 n - 2 potions of flight
 o - 2 potions of brilliance {unknown}
 p - a potion of might {unknown}
Comestibles
 d - 9 rations


   Skills:
 + Level 3.4 Dodging
 - Level 2.4 Stealth
 * Level 1.4 Shields
 + Level 5.1 Spellcasting
 + Level 2.3 Conjurations
 + Level 1.6 Summonings
 + Level 2.2 Translocations
 + Level 1.1 Fire Magic
 + Level 0.9 Air Magic
 + Level 1.2 Poison Magic


You had 3 spell levels left.
You knew the following spells:

 Your Spells              Type           Power        Failure   Level  Hunger
a - Magic Dart            Conj           ###.         4%          1    None
c - Mephitic Cloud        Conj/Pois/Air  ##......     19%         3    ##.....
e - Blink                 Tloc           N/A          7%          2    None
f - Conjure Flame         Conj/Fire      ##......     17%         3    ##.....
i - Call Imp              Summ           ##......     9%          2    None

Your spell library contained the following spells:

 Spells                   Type           Power        Failure   Level  Hunger
 Slow                     Hex            #.......     19%         2    None


Dungeon Overview and Level Annotations

Branches:
Dungeon (5/15)             Temple (0/1) D:4           Sewer (visited)

Altars:


Message History

Casting: Magic Dart (safe; 4% risk of failure)
Confirm with . or Enter, or press ? or * to list all spells.
Aiming: Magic Dart (safe; 4% risk of failure)
Press: ? - help, Shift-Dir - straight line, f/p - worker ant
Aim: a worker ant (severely wounded)
The magic dart hits the worker ant.
The worker ant is almost dead.
You feel sick. The worker ant bites you.
You barely miss the worker ant.
The worker ant is almost dead.
The worker ant bites you.
* * * LOW HITPOINT WARNING * * *
You are lethally poisoned!
The worker ant poisons you! The worker ant misses you.
It was a potion of flight.
You feel very buoyant.
You fly up into the air.
* * * LOW HITPOINT WARNING * * *
You feel sick. The worker ant bites you.
You die...

# #...# #..# # # # #.#.#
#..#.#
######.###.#.####..#.#
...#.................#
##.#.#...........$.#
#.#.#####.#.####.##
#.#.# #.....# #.# #.#.#
#.#.######a######
#.#.###.#......@........
#.#..............#######
##.#..##.##########
#.....#...###
#.......#...#
#...###...#.# #####
##....# ########.#
.........#


You could see a worker ant.

Vanquished Creatures
  A jelly (D:5)
  A hound zombie (D:5)
  3 adders
  A river rat (Sewer)
  5 worms
  2 dart slugs (D:1)
  6 orcs
  7 giant cockroaches
  6 goblins
  5 hobgoblins
  4 jackals (D:1)
  2 quokkas (D:3)
  5 ball pythons
  5 bats
  6 frilled lizards
  8 kobolds
  A quokka skeleton (D:5)
  8 rats
76 creatures vanquished.

Vanquished Creatures (collateral kills)
  An ooze (D:3)
  An orc (D:3)
  A giant cockroach (D:3)
  2 hobgoblins (D:3)
5 creatures vanquished.

Grand Total: 81 creatures vanquished

Notes
Turn   | Place    | Note
-------+----------+-------------------------------------------
     0 | D:1      | Arixos the Deep Elf Wizard began the quest for the Orb.
     0 | D:1      | Reached XP level 1. HP: 10/10 MP: 7/7
   227 | D:1      | Reached XP level 2. HP: 15/15 MP: 3/9
   231 | D:1      | Learned a level 2 spell: Blink
   988 | D:1      | Reached XP level 3. HP: 19/19 MP: 6/11
  1489 | D:2      | Learned a level 2 spell: Call Imp
  1493 | D:2      | Learned a level 3 spell: Conjure Flame
  1497 | D:2      | Learned a level 3 spell: Mephitic Cloud
  2323 | D:3      | Reached skill level 1 in Shields
  2323 | D:3      | Reached XP level 4. HP: 24/24 MP: 3/12
  2867 | D:3      | Reached skill level 5 in Spellcasting
  3300 | D:4      | Found a glowing drain.
  3309 | Sewer    | Entered a sewer
  3328 | Sewer    | Reached skill level 1 in Poison Magic
  3418 | Sewer    | Noticed a big kobold
  3664 | D:4      | Reached XP level 5. HP: 28/28 MP: 0/14
  3771 | D:5      | Entered Level 5 of the Dungeon
  3791 | D:5      | Reached skill level 1 in Fire Magic
  3824 | D:5      | Noticed an ice beast
  3885 | D:5      | Slain by a worker ant

Levels and vault maps discovered:
D:1:      mrwooster_arrival_arrow, layout_loops_corners, serial_forest,
          infiniplex_forest_straight_3, infiniplex_forest_clump_double,
          infiniplex_forest_lined_room_2, infiniplex_forest_lined_room_2,
          infiniplex_forest_clump_double, infiniplex_forest_end_2,
          infiniplex_forest_end_3
D:2:      layout_loops_ring
D:3:      layout_basic, first_ration
D:4:      layout_loops_cross, lemuel_temple_firewalk_b, portal_sewer_entry_e
D:5:      layout_loops_ring, uniq_eustachio, uniq_menkaure

Skill      XL: |  1  2  3  4  5 |
---------------+----------------+-----
Dodging        | 3 |  3.4
Conjurations   | 2 |  2.3
Shields        | 1 |  1.4
Spellcasting   | 5 |  5.1
Translocations | 2 |  2.2
Poison Magic   | 1 |  1.2
Fire Magic     | 1 |  1.1
Stealth        | |  2.4
Summonings     | |  1.6
Air Magic      | |  0.9

Action                   |  1- 3 |  4- 6 || total
-------------------------+-------+-------++-------
Melee: Unarmed           |     7 |     4 ||    11
 Cast: Magic Dart        |   130 |    99 ||   229
       Conjure Flame     |     3 |     3 ||     6
       Mephitic Cloud    |       |     9 ||     9
       Call Imp          |       |     3 ||     3
  Use: Scroll            |     4 |     1 ||     5
       Potion            |       |     1 ||     1
  Eat: Chunk             |     4 |     4 ||     8
Armor: Robe              |    10 |    15 ||    25
Dodge: Dodged            |    21 |    46 ||    67
Block: Buckler           |     3 |    12 ||    15

Table legend:
 A = Non-vault XP
 B = Vault XP
 C = Vault XP percentage of total XP
 D = Non-vault monster count
 E = Vault monster count
 F = Vault count percentage of total count
                 A         B        C        D         E       F
            +---------+---------+-------+---------+---------+-------
      Total |     236 |      25 |   9.6 |      70 |      11 |  13.6
            +---------+---------+-------+---------+---------+-------
        D:1 |      43 |       0 |   0.0 |      24 |       0 |   0.0
        D:2 |      28 |       0 |   0.0 |      11 |       0 |   0.0
        D:3 |      79 |       1 |   1.2 |      27 |       1 |   3.6
        D:4 |      25 |       5 |  16.7 |       5 |       3 |  37.5
        D:5 |      61 |       0 |   0.0 |       3 |       0 |   0.0
      Sewer |       0 |      19 | 100.0 |       0 |       7 | 100.0
            +---------+---------+-------+---------+---------+-------
